Map: Blackpink LE

Players

Bly - Winner!

  • Race: Zerg Zerg
  • Spawn Location: 7:00

Spazymazy

  • Race: Zerg Zerg
  • Spawn Location: 1:00

Event: WCS Leipzig 2018

VOD

Have the link to the VOD?

Description

Time

  • Played on: Jan. 26, 2018, 9:09 a.m.
  • Length: 3:53

All games in this series

Show
View Real Time Build Order
Export as new Build Order

Bly Zerg - Winner!

Build Orders: Pool First 

Get SALT Encoding   

  12  0:17  Spawning Pool  
  11  0:22  Drone  
  11  0:27  Drone  
  13  0:34  Drone  
  14  0:43  Overlord  
  14  1:04  Zergling x4  
  14  1:05  Zergling x2  
  17  1:16  Zergling x2  
  18  1:18  Hatchery  
  17  1:27  Zergling x2  
  18  1:33  Queen  
  18  1:39  Zergling x2  
  21  1:48  Overlord  
  21  2:00  Drone  
  22  2:09  Queen  
  24  2:26  Drone x2  
  26  2:30  Queen  
  26  2:31  Drone x2  
  29  2:46  Drone x4  
  29  2:47  Drone  
  34  2:56  Drone x2  
  35  3:01  Spine Crawler  
  30  3:06  Drone x2  
  32  3:13  Overlord  
  32  3:18  Zergling x2  
  33  3:21  Extractor  
  33  3:23  Zergling x2  
  35  3:29  Spine Crawler  
  35  3:30  Zergling x4  
  36  3:52  Spine Crawler  
Show
View Real Time Build Order
Export as new Build Order

Spazymazy Zerg 

Build Orders: Pool First 

Get SALT Encoding   

  12  0:00  Drone  
  13  0:12  Overlord  
  13  0:16  Drone  
  14  0:31  Drone x2  
  14  0:34  Drone  
  17  0:36  Extractor  
  16  0:45  Drone  
  17  0:51  Spawning Pool  
  17  0:57  Drone  
  17  1:07  Drone  
  18  1:22  Hatchery  
  18  1:40  Zergling x6, Metabolic Boost  
  20  1:51  Queen  
  22  1:56  Extractor  
  22  1:57  Zergling x2  
  23  2:03  Overlord  
  23  2:23  Zergling x4  
  23  2:27  Queen  
  26  2:32  Baneling Nest  
  26  2:34  Zergling x2  
  26  2:43  Zergling x2  
  24  2:47  Zergling x2  
  25  2:55  Zergling x2  
  25  3:02  Zergling x6  
  25  3:03  Zergling x2  
  27  3:11  Zergling x2  
  28  3:19  Baneling x3  
  28  3:21  Baneling x2  
  28  3:22  Zergling x2  
  29  3:29  Baneling x2  
Tags
 
Add a new tag
Caveats
  • Supply blocks, unpowered buildings, or Contaminate may cause inaccurate times.
  • Supply counts are checked every 10 seconds.